 Dungeon Crawl Stone Soup version 0.30-a0-782-ge64f9170bb (webtiles) character file.

Game seed: 602771212086634364

14803 funkygono the Arsonist (level 12, -3/62 HPs)
             Began as a Gargoyle Fire Elementalist on Mar 8, 2023.
             Was a Priest of Sif Muna.
             Slain by a cane toad (17 damage)
             ... on level 1 of the Lair of Beasts.
             The game lasted 00:22:10 (14734 turns).

funkygono the Arsonist (GrFE)                      Turns: 14734, Time: 00:22:11

Health: -3/62      AC: 23    Str: 13    XL:     12   Next: 20%
Magic:  17/27      EV: 12    Int: 20    God:    Sif Muna [***...]
Gold:   655        SH:  0    Dex: 10    Spells: 13/33 levels left

rFire   + . .      SeeInvis .    i - +4 whip
rCold   . . .      Faith    .    (no shield)
rNeg    + . .      Spirit   .    l - +2 robe {rC+}
rPois   ∞          Reflect  .    n - +0 helmet
rElec   +          Harm     .    w - +1 cloak
rCorr   .          Rampage  .    m - +2 pair of gloves
Will    .....                    B - +0 pair of boots
Stlth   ++                       D - amulet of magic regeneration
HPRegen 0.30/turn                u - +4 ring of protection
MPRegen 0.60/turn                y - ring of fire

@: marked
A: sickness immunity, AC +8, negative energy resistance 1, electricity
resistance, torment resistance 1, petrification resistance
a: Renounce Religion, Channel Magic, Forget Spell


You were on level 1 of the Lair of Beasts.
You worshipped Sif Muna.
Sif Muna was most pleased with you.
You visited 3 branches of the dungeon, and saw 13 of its levels.

You collected 655 gold pieces.

Inventory:

Hand Weapons
 i - a +4 whip (weapon)
 t - a +2 flail
Armour
 g - a +0 hat of willpower
 l - a +2 robe of cold resistance (worn)
 m - a +2 pair of gloves (worn)
 n - a +0 helmet (worn)
 w - a +1 cloak (worn)
 B - a +0 pair of boots (worn)
Jewellery
 f - an amulet of the acrobat
 u - a +4 ring of protection (left hand)
 y - a ring of fire (right hand)
 D - an amulet of magic regeneration (around neck)
Wands
 j - a wand of flame (21)
 C - a wand of quicksilver (6)
 G - a wand of iceblast (3)
Scrolls
 a - 2 scrolls of fear
 b - 3 scrolls of amnesia
 d - a scroll of blinking
 k - 5 scrolls of identify
 r - 5 scrolls of teleportation
 F - a scroll of fog
Potions
 c - a potion of ambrosia
 e - 3 potions of haste
 h - 3 potions of cancellation
 o - a potion of invisibility
 p - 2 potions of brilliance
 q - a potion of might
 s - 4 potions of curing
 z - 2 potions of flight
 I - a potion of heal wounds


   Skills:
 + Level 2.0 Fighting
 + Level 3.0 Maces & Flails
 + Level 3.7 Dodging
 - Level 2.1 Stealth
 + Level 11.3 Spellcasting
 + Level 8.7 Conjurations
 + Level 0.2 Translocations
 + Level 11.5 Fire Magic
 + Level 2.5 Air Magic
 + Level 2.5 Poison Magic


You had 13 spell levels left.
You knew the following spells:

 Your Spells              Type           Power      Damage    Failure   Level
a - Foxfire               Conj/Fire      100%       2x1d9     1%          1
b - Scorch                Fire           100%       2d10      1%          2
c - Kindle Blastsparks    Fire/Tloc/Air  90%        2d17      2%          3
d - Flame Wave            Conj/Fire      67%        2d15      1%          4
e - Iskenderun's Battles  Conj           46%        2d10      4%          5
f - Poisonous Vapours     Pois/Air       42%        N/A       3%          2
g - Mephitic Cloud        Conj/Pois/Air  29%        N/A       2%          3

Your spell library contained the following spells:

 Spells                   Type           Power      Damage    Failure   Level
 Inner Flame              Hex/Fire       51%        N/A       1%          3
 Sticky Flame             Conj/Fire      67%        2d8       1%          4
 Fireball                 Conj/Fire      33%        3d14      2%          5
 Dazzling Flash           Conj/Hex       56%        N/A       3%          3
 Iskenderun's Mystic Bla  Conj/Tloc      29%        2d7       10%         4
 Starburst                Conj/Fire      33%        6d10      14%         6
 Frozen Ramparts          Ice            22%        1d4       19%         3
 Animate Dead             Necr           11%        N/A       52%         4
 Dispel Undead            Necr           11%        3d9       52%         4
 Ice Form                 Ice/Tmut       11%        N/A       52%         4
 Summon Ice Beast         Ice/Summ       11%        N/A       52%         4
 Conjure Ball Lightning   Conj/Air       17%        3x3d6     65%         6
 Silence                  Hex/Air        8%         N/A       69%         5
 Orb of Destruction       Conj           23%        9d8       80%         7
 Agony                    Necr           11%        N/A       86%         5
 Borgnjor's Vile Clutch   Necr/Erth      5%         N/A       86%         5
 Death Channel            Necr           5%         N/A       100%        6
 Cigotuvi's Dreadful Rot  Necr/Pois/Air  Unusable   N/A       N/A         2

Dungeon Overview and Level Annotations

Branches:
Dungeon (11/15)            Temple (1/1) D:7            Lair (1/5) D:11
    Orc: D:9-12

Altars:
Ashenzari
Cheibriados
Dithmenos
Elyvilon
Fedhas
Gozag
Hepliaklqana
Kikubaaqudgha
Makhleb
Nemelex Xobeh
Okawaru
Qazlal
Ru
Sif Muna
Trog
Uskayaw
Wu Jian
Xom
Yredelemnul
Zin
The Shining One

Shops:
D:6 [   D:7 *??*

Annotations:
D:4 2 transporters, nago's ghost, novice DjRe
D:10 3 runed translucent doors, Flugslaktarn's ghost, journeyman DsFi


Innate Abilities, Weirdness & Mutations

You are immune to sickness and miasma.
Your stone body is resilient. (AC +8)
You are immune to poison.
You resist negative energy. (rN+)
You are resistant to electric shocks. (rElec)
You are resistant to unholy torment.
You are immune to petrification.


Message History

Confirm with . or Enter, or press ? or * to list all spells.
You feel a surge of power!
You conjure some foxfire!
The cane toad stings you.
Your battlesphere fires!
The barrage of energy hits Harold!
Harold is almost dead.
Harold closely misses you.
Casting: Foxfire (safe; 1% risk of failure)
Confirm with . or Enter, or press ? or * to list all spells.
You feel a surge of power!
You conjure some foxfire!
The cane toad misses you. The cane toad stings you.
Harold hits you but does no damage.
Casting: Foxfire (safe; 1% risk of failure)
Confirm with . or Enter, or press ? or * to list all spells.
You feel a surge of power!
You conjure some foxfire!
The foxfire hits Harold but does no damage.
Harold is almost dead.
The foxfire hits Harold!
Harold is almost dead.
The foxfire hits Harold but does no damage.
Harold is almost dead.
The cane toad stings you but does no damage.
Harold hits you with a +0 mace!
* * * LOW HITPOINT WARNING * * *
Casting: Foxfire (safe; 1% risk of failure)
Confirm with . or Enter, or press ? or * to list all spells.
You feel a surge of power!
You conjure some foxfire!
The cane toad closely misses you. Harold hits you with a +0 mace.
* * * LOW HITPOINT WARNING * * *
Casting: Foxfire (safe; 1% risk of failure)
Confirm with . or Enter, or press ? or * to list all spells.
You feel a surge of power!
You conjure some foxfire!
The foxfire hits Harold but does no damage.
Harold is almost dead.
The foxfire hits Harold.
Harold is almost dead.
The foxfire hits Harold.
You kill Harold!
Sif Muna accepts your kill.
Harold looks down at his mortal wounds and cries, "But... this was my last day before retirement..."
The cane toad stings you!
You die...

#..# #.#####...
#.........
#..###P..# #
####..## #
#.#..#...#
........P###.!#
.....*§§v......
.#####.@####
##)F# .....
[.......
.......###
##.....##
##...## #..##


You could see a cane toad and a friendly battlesphere.

Vanquished Creatures
  Gastronok (D:8)
  Harold (Lair:1)
  2 boulder beetles (D:11)
  Erica (D:7)
  A two-headed ogre (D:11)
  Urug (Lair:1)
  Sonja (Lair:1)
  Joseph (D:7)
  2 cyclopes (D:11)
  A black mamba (Lair:1)
  A troll (D:10)
  A shadow (D:9)
  A wyvern (D:7)
  A wraith (D:10)
  15 yaks
  6 vampire mosquitoes
  Grum (D:8)
  Menkaure (D:4)
  2 acid dragons (D:9)
  2 water moccasins (D:7)
  Duvessa (D:7)
  An ice beast (D:7)
  A sky beast (D:7)
  A black bear (D:6)
  7 orc warriors
  7 centaurs
  4 wolves (D:8)
  A phantom (D:5)
  2 kobold brigands
  3 scorpions
  2 bullfrogs
  2 gnoll sergeants
  3 wights (D:9)
  Dowan (D:7)
  12 killer bees
  2 electric eels (D:7)
  7 howler monkeys
  A crimson imp (D:9)
  A gnoll bouda (D:7)
  4 orc priests
  A hound (D:6)
  A jelly (D:5)
  Jessica (D:2)
  7 iguanas
  9 orc wizards
  11 gnolls
  11 adders
  3 shadow imps
  2 white imps
  3 worms (D:2)
  3 dart slugs
  48 orcs
  6 endoplasms
  7 giant cockroaches
  9 goblins
  9 hobgoblins
  6 jackals
  12 kobolds
  4 quokkas
  6 ball pythons
  6 bats
  A frilled lizard (D:1)
  5 rats (D:1)
277 creatures vanquished.

Vanquished Creatures (collateral kills)
  4 foxfires (Lair:1)
4 creatures vanquished.

Vanquished Creatures (others)
  858 foxfires
  2 plants (Lair:1)
860 creatures vanquished.

Grand Total: 1141 creatures vanquished

Notes
Turn   | Place    | Note
-------+----------+-------------------------------------------
     0 | D:1      | funkygono the Gargoyle Fire Elementalist began the quest
                  | for the Orb.
     0 | D:1      | Reached XP level 1. HP: 10/10 MP: 3/3
   265 | D:1      | Reached XP level 2. HP: 15/15 MP: 0/5
   444 | D:1      | Learned a level 2 spell: Scorch
   759 | D:1      | Reached XP level 3. HP: 19/19 MP: 3/6
  1288 | D:2      | Reached XP level 4. HP: 24/24 MP: 5/8
  1333 | D:2      | Learned a level 3 spell: Kindle Blastsparks
  1892 | D:2      | Found a faded altar of an unknown god.
  1969 | D:2      | Noticed Jessica
  1972 | D:2      | Killed Jessica
  1973 | D:2      | Reached XP level 5. HP: 26/28 MP: 6/10
  1980 | D:2      | Learned a level 4 spell: Flame Wave
  3134 | D:3      | You fall into a shaft and drop 3 floors!
  3258 | D:6      | Reached XP level 6. HP: 32/32 MP: 6/12
  3542 | D:5      | Entered Level 5 of the Dungeon
  3634 | D:5      | Found a blossoming altar of Fedhas.
  4025 | D:4      | Found a sparkling altar of Nemelex Xobeh.
  4070 | D:4      | Found a transporter.
  4258 | D:4      | Found a transporter.
  4262 | D:4      | Noticed nago's ghost (novice DjRe)
  4681 | D:4      | Noticed Menkaure
  4686 | D:4      | Killed Menkaure
  4687 | D:4      | Reached skill level 5 in Fire Magic
  4687 | D:4      | Reached XP level 7. HP: 36/36 MP: 7/14
  4742 | D:4      | Found a white marble altar of Elyvilon.
  5225 | D:5      | Noticed a yak
  5237 | D:5      | Killed a yak
  5238 | D:5      | Reached skill level 5 in Spellcasting
  5239 | D:5      | Noticed a yak
  5242 | D:5      | Noticed a yak
  5243 | D:5      | Noticed a yak
  5245 | D:5      | Noticed a yak
  5278 | D:4      | Killed a yak
  5392 | D:4      | Killed a yak
  5392 | D:4      | Killed a yak
  5393 | D:4      | Reached XP level 8. HP: 27/41 MP: 1/17
  5503 | D:5      | Killed a yak
  6276 | D:6      | Found Mayk's Armour Emporium.
  7475 | D:7      | Reached skill level 5 in Conjurations
  7475 | D:7      | Reached XP level 9. HP: 41/46 MP: 7/19
  7504 | D:7      | Reached skill level 1 in Maces & Flails
  7793 | D:7      | Reached skill level 1 in Fighting
  7924 | D:7      | Found Daojiym's Assorted Antiques.
  8613 | D:7      | Found a staircase to the Ecumenical Temple.
  8619 | Temple   | Entered the Ecumenical Temple
  8625 | Temple   | Became a worshipper of Sif Muna the Loreminder
  8638 | D:7      | Found Osoakhlik's Magic Scroll Boutique.
  8643 | D:7      | Found Mayneuz's Magic Scroll Shop.
  8700 | D:7      | Found Olufiv's Assorted Antiques.
  8945 | D:7      | Noticed Duvessa
  8951 | D:7      | Noticed Dowan
  8959 | D:7      | Killed Duvessa
  8961 | D:7      | Killed Dowan
  9215 | D:8      | Noticed Erica
  9223 | D:8      | Noticed Joseph
  9356 | D:7      | Killed Joseph
  9356 | D:7      | Killed Erica
  9357 | D:7      | Reached XP level 10. HP: 31/52 MP: 10/22
  9466 | D:8      | Noticed Gastronok
  9487 | D:8      | Killed Gastronok
  9731 | D:8      | Reached * piety under Sif Muna
  9744 | D:8      | Reached skill level 10 in Fire Magic
  9880 | D:8      | Noticed Grum
  9889 | D:8      | Killed Grum
 10508 | D:9      | Reached ** piety under Sif Muna
 10509 | D:9      | Reached XP level 11. HP: 56/56 MP: 18/24
 10986 | D:9      | Reached skill level 10 in Spellcasting
 11136 | D:9      | Found a sacrificial altar of Ru.
 11136 | D:9      | Found a shimmering altar of Xom.
 11647 | D:9      | Learned a level 5 spell: Iskenderun's Battlesphere
 11650 | D:9      | Learned a level 2 spell: Poisonous Vapours
 11784 | D:10     | Entered Level 10 of the Dungeon
 11796 | D:10     | Found a bloodstained altar of Trog.
 12190 | D:10     | Found a runed translucent gate.
 12190 | D:10     | Identified the +8 plate armour of Vitasch {rCorr Dex+3
                  | SInv}
 12191 | D:10     | Found a runed translucent gate.
 12191 | D:10     | Found a runed translucent gate.
 12191 | D:10     | Noticed Flugslaktarn's ghost (journeyman DsFi)
 12807 | D:11     | Noticed a boulder beetle
 13018 | D:10     | Learned a level 3 spell: Mephitic Cloud
 13027 | D:11     | Noticed a two-headed ogre
 13030 | D:11     | Killed a two-headed ogre
 13186 | D:11     | Noticed a cyclops
 13331 | D:11     | Killed a cyclops
 13331 | D:11     | Reached *** piety under Sif Muna
 13343 | D:11     | Killed a boulder beetle
 13344 | D:11     | Reached skill level 1 in Air Magic
 13344 | D:11     | Reached skill level 1 in Poison Magic
 13634 | D:11     | Noticed a boulder beetle
 13672 | D:11     | Found a staircase to the Lair.
 14005 | D:11     | Killed a boulder beetle
 14186 | D:11     | Noticed a cyclops
 14193 | D:11     | Killed a cyclops
 14428 | Lair:1   | Entered Level 1 of the Lair of Beasts
 14438 | Lair:1   | Noticed Sonja
 14439 | Lair:1   | Reached XP level 12. HP: 62/62 MP: 21/27
 14451 | Lair:1   | Killed Sonja
 14508 | Lair:1   | Noticed Urug
 14517 | Lair:1   | Killed Urug
 14720 | Lair:1   | Noticed Harold
 14734 | Lair:1   | Killed Harold
 14734 | Lair:1   | Slain by a cane toad

Illustrated notes

Levels and vault maps discovered:
D:1:      ncdulo_lavacross, layout_rooms, serial_glass, glass_columns_b,
          glass_columns_a, minivault_25, grunt_decor_one_mirror
D:2:      layout_basic, nicolae_ecumenical_lake_church,
          kennysheep_generic_room_6, uniq_jessica
D:3:      layout_basic
D:4:      layout_loops_corners, nemelex_xobeh_ov_fountains_minmay,
          mainiacjoe_overflow_surrounded_room, gammafunk_ghost_stat_death,
          uniq_menkaure
D:5:      layout_loops_ring, lemuel_crystal_altar
D:6:      layout_layer_cave, serial_shops, nicolae_shop_hallway_stairs
D:7:      layout_basic, minmay_temple_entry_statues_pillars, serial_shops,
          nicolae_shop_stone, nicolae_shop_overgrown_old_shop,
          nicolae_shop_behind_doors, nicolae_take_the_stairs,
          kennysheep_small_spiral, grunt_ministairs_3,
          kennysheep_generic_room_5, uniq_duvessa
D:8:      layout_cave_pools, uniq_gastronok, uniq_grum, uniq_joseph, uniq_erica
D:9:      layout_long_grid, gammafunk_temple_overflow_wave,
          minmay_fire_ice_demons
D:10:     layout_basic, trog_butcher_becter, amcnicky_altar_gilded,
          biasface_ghost_orc_armoury
D:11:     layout_big_octagon, lair_entry_dummy, serial_column_ruins,
          column_ruins_open_small_water, column_ruins_corridor_corner,
          column_ruins_columns_T
Temple:   nicolae_temple_no_exploring_needed
Lair:1:   layout_loops_ring, grunt_megastairs_2, uniq_sonja, uniq_urug,
          uniq_harold

Skill      XL: |  1  2  3  4  5  6  7  8  9 10 11 12 |
---------------+-------------------------------------+-----
Conjurations   | 2 3 5 6 7 8 |  8.7
Spellcasting   | 3 4 6 7 8 9 11 | 11.3
Fire Magic     | 4 5 6 7 9 10 11 | 11.5
Dodging        | 2 3 |  3.7
Maces & Flails | 1 3 |  3.0
Fighting       | 1 2 |  2.0
Air Magic      | 2 |  2.5
Poison Magic   | 1 2 |  2.5
Stealth        | |  2.1
Translocations | |  0.2

Action                     |  1- 3 |  4- 6 |  7- 9 | 10-12 || total
---------------------------+-------+-------+-------+-------++-------
  Melee: Club              |     3 |       |       |       ||     3
         Whip              |       |    15 |    30 |    49 ||    94
   Cast: Foxfire           |    60 |   108 |   141 |   190 ||   499
         Scorch            |     2 |    18 |    53 |    48 ||   121
         Flame Wave        |       |       |     8 |    28 ||    36
         Poisonous Vapours |       |       |       |    23 ||    23
         Iskenderun's Batt |       |       |       |    15 ||    15
         Mephitic Cloud    |       |       |       |     6 ||     6
         Kindle Blastspark |       |       |       |     3 ||     3
    Use: Scroll            |       |       |    23 |     3 ||    26
         Potion            |       |       |       |     1 ||     1
 Armour: Robe              |    13 |     9 |    61 |    76 ||   159
  Dodge: Dodged            |    16 |    13 |    80 |   150 ||   259

Table legend: (Time is in decaauts)
 A = Elapsed time spent in this place.
 B = Non-inter-level travel time spent in this place.
 C = Inter-level travel time spent in this place.
 D = Time resting spent in this place.
 E = Time spent auto-exploring this place.
 F = Levels seen in this place.
 G = Mean time per level.
                   A        B        C        D        E       F      G
               +--------+--------+--------+--------+--------+-----+--------+
         Total |  14759 |  14343 |    416 |    296 |  12070 |  13 | 1135.3 |
       Dungeon |  14441 |  14033 |    408 |    296 |  11842 |  11 | 1312.8 |
        Temple |     12 |      6 |      6 |      0 |      0 |   1 |   12.0 |
          Lair |    305 |    305 |      0 |      0 |    228 |   1 |  305.0 |
               +--------+--------+--------+--------+--------+-----+--------+

Top non-repeatable levels by time:
     D:7: 1778 daAuts
     D:6: 1712 daAuts
    D:10: 1497 daAuts
     D:2: 1492 daAuts
     D:9: 1351 daAuts
     D:4: 1261 daAuts
    D:11: 1149 daAuts
     D:5: 1143 daAuts
     D:1: 1093 daAuts
     D:8: 1078 daAuts
     D:3: 884 daAuts
  Lair:1: 305 daAuts
  Temple: 12 daAuts
